 Dungeon Crawl Stone Soup version 0.27.1-1-g398f81649c (webtiles) character file.

Game seed: 13752343780439387354

1734 Crownlay the Fighter (level 8, -7/75 (86) HPs)
             Began as a Minotaur Monk on Sept 21, 2021.
             Was a Priest of Cheibriados.
             Mangled by a wight (9 damage)
             ... on level 6 of the Dungeon.
             The game lasted 00:10:15 (5468 turns).

Crownlay the Fighter (Minotaur Monk)                Turns: 5468, Time: 00:10:15

HP:   -7/75 (86)    AC:  3    Str: 21    XL:     8   Next: 76%
MP:   3/7           EV: 14    Int: 13    God:    Cheibriados [***...]
Gold: 273           SH:  0    Dex: 22    Spells: 7/7 levels left

rFire    . . .     SeeInvis .   a - +0 falchion
rCold    . . .     Faith    .   (no shield)
rNeg     . . .     Spirit   .   b - +0 robe
rPois    .         Reflect  .   (helmet restricted)
rElec    .         Harm     .   (no cloak)
rCorr    .         Rampage  .   (no gloves)
Will     .....                  r - +0 pair of boots
Stlth    ++........             (no amulet)
HPRegen  0.22/turn              (no ring)
MPRegen  0.10/turn              (no ring)

@: heavily drained, very slow
A: horns 2, retaliatory headbutt
a: Renounce Religion, Bend Time, Temporal Distortion


You were on level 6 of the Dungeon.
You worshipped Cheibriados.
Cheibriados was most pleased with you.
You visited 1 branch of the dungeon, and saw 6 of its levels.

You collected 342 gold pieces.
You spent 69 gold pieces at shops.

Inventory:

Hand Weapons
 a - a +0 falchion (weapon)
Missiles
 k - 3 curare-tipped darts (quivered)
Armour
 b - a +0 robe (worn)
 r - a +0 pair of boots (worn)
Wands
 e - a wand of iceblast (5)
 l - a wand of polymorph (9)
 m - a wand of acid (10)
 s - a wand of flame (23)
Scrolls
 c - a scroll of holy word {unknown}
 d - 6 scrolls of identify {unknown}
 f - 2 scrolls of enchant armour {unknown}
 g - a scroll of noise {unknown}
 h - 2 scrolls of immolation {unknown}
 i - a scroll of amnesia {unknown}
 n - a scroll of summoning {unknown}
 o - a scroll of enchant weapon {unknown}
 q - a scroll of teleportation {unknown}
Potions
 j - a potion of heal wounds {unknown}
 p - a potion of curing {unknown}


   Skills:
 + Level 13.4 Fighting
 - Level 3.6 Long Blades
 - Level 3.2 Dodging
 - Level 1.5 Stealth


You had 7 spell levels left.
You didn't know any spells.
Your spell library contained the following spells:

 Spells                   Type           Power      Damage    Failure   Level
 Inner Flame              Hex/Fire       0%         N/A       67%         3
 Cause Fear               Hex            0%         N/A       97%         4
 Discord                  Hex            0%         N/A       100%        8


Dungeon Overview and Level Annotations

Branches:
Dungeon (6/15)
 Temple: D:4-7

Altars:
Ashenzari
Cheibriados
Hepliaklqana
Sif Muna
Uskayaw
Xom

Shops:
D:4 *   D:6 *


Innate Abilities, Weirdness & Mutations

You have a pair of horns on your head.
You reflexively headbutt those who attack you in melee.


Message History

You now have 273 gold pieces (gained 13). 2 wights come into view.
There are monsters nearby!
A wight comes into view. It is wielding a +6 spear.
The wight barely misses you.
The wight hits you from afar with a +2 halberd!
You feel drained.
A wight comes into view. It is wielding a +0 dagger.
You barely miss the wight.
The wight hits you from afar with a +2 halberd.
The wight hits you from afar with a +6 spear!
You feel drained. The wight barely misses you. The wight closely misses you.
You hit the wight but do no damage. Your headbutt misses the wight.
The wight hits you from afar with a +6 spear!
The wight hits you with a +0 battleaxe!!
* * * LOW HITPOINT WARNING * * *
The wight barely misses you.
You are too injured to fight recklessly!
You are too injured to fight recklessly!
You are too injured to fight recklessly!
You are too injured to fight recklessly!
You are too injured to fight recklessly!
You warp the flow of time around you!
Cheibriados lowers the support of your attributes as your movement quickens.
You slash the wight!
The wight is severely damaged.
The wight hits you with a +0 dagger.
* * * LOW HITPOINT WARNING * * *
You feel drained. The wight closely misses you.
The wight hits you with a +2 halberd!
* * * LOW HITPOINT WARNING * * *
You feel drained.
* * * LOW HITPOINT WARNING * * *
Okay, then.
You fail to use your ability.
The wight hits you with a +0 dagger.
* * * LOW HITPOINT WARNING * * *
You feel drained.
* * * LOW HITPOINT WARNING * * *
The wight hits you from afar with a +6 spear!
You die...

#..........
#......... #........
#.......#
#.......##...<.#
#........+.....# ...
#....z...#.....+ ...
#...@zz..#.....#.....
#...z....#.....#.....
#..^.....#.....#.....
#.?.....##.....#.....
#.......##.....#.....
#..............#.....
#..............#..)..
#..............#.....
#..............'.....


You could see 4 wights.

Vanquished Creatures
  2 water moccasins
  3 black bears (D:5)
  A necrophage (D:4)
  An ice beast (D:6)
  An ogre (D:6)
  2 phantoms
  A bullfrog (D:4)
  A water moccasin zombie (D:6)
  A water moccasin skeleton (D:6)
  A bullfrog zombie (D:5)
  3 hounds
  3 jellies
  5 orc priests
  Jessica (D:3)
  2 iguanas (D:5)
  2 orc wizards (D:6)
  2 gnolls (D:3)
  A howler monkey skeleton (D:4)
  5 adders
  An ufetubus (D:5)
  3 worms
  2 dart slugs
  15 orcs
  6 bats
  3 endoplasms
  A giant cockroach (D:3)
  3 goblins (D:1)
  5 hobgoblins
  9 jackals
  4 quokkas (D:3)
  3 ball pythons
  2 frilled lizards
  3 kobolds
  5 rats
103 creatures vanquished.

Vanquished Creatures (others)
  17 plants (D:3)
17 creatures vanquished.

Grand Total: 120 creatures vanquished

Notes
Turn   | Place    | Note
-------+----------+-------------------------------------------
     0 | D:1      | Crownlay the Minotaur Monk began the quest for the Orb.
     0 | D:1      | Reached XP level 1. HP: 19/19 MP: 0/0
   277 | D:1      | Reached skill level 4 in Fighting
   446 | D:1      | Reached XP level 2. HP: 24/28 MP: 1/1
   664 | D:1      | Found a faded altar of an unknown god.
  1226 | D:3      | Reached skill level 5 in Fighting
  1230 | D:3      | Reached XP level 3. HP: 35/36 MP: 2/2
  1285 | D:3      | Noticed Jessica
  1295 | D:3      | Killed Jessica
  1299 | D:3      | Reached skill level 6 in Fighting
  1299 | D:3      | Reached XP level 4. HP: 18/44 MP: 3/3
  1783 | D:3      | Reached skill level 7 in Fighting
  1783 | D:3      | Reached XP level 5. HP: 45/52 MP: 4/4
  2241 | D:4      | Noticed a necrophage
  2248 | D:4      | Killed a necrophage
  2249 | D:4      | Reached skill level 8 in Fighting
  2256 | D:4      | Noticed a phantom
  2273 | D:4      | Killed a phantom
  2274 | D:4      | Reached XP level 6. HP: 15/62 MP: 5/5
  2563 | D:4      | Found a shimmering altar of Xom.
  2563 | D:4      | Found a hazy altar of Hepliaklqana.
  2566 | D:4      | Found a hide-covered altar of Uskayaw.
  2595 | D:4      | Found Gizirul's Serpentskin Sales.
  2781 | D:4      | Bought 3 curare-tipped darts for 23 gold pieces
  2901 | D:4      | Found a shimmering blue altar of Sif Muna.
  2912 | D:4      | Reached skill level 9 in Fighting
  2954 | D:4      | Found a snail-covered altar of Cheibriados.
  2969 | D:4      | Reached XP level 7. HP: 32/71 MP: 6/6
  2978 | D:4      | Became a worshipper of Cheibriados the Contemplative
  2978 | D:4      | Reached * piety under Cheibriados
  2978 | D:4      | Reached ** piety under Cheibriados
  3255 | D:5      | Entered Level 5 of the Dungeon
  3274 | D:5      | Reached skill level 10 in Fighting
  3544 | D:5      | Reached skill level 11 in Fighting
  3735 | D:5      | Reached XP level 8. HP: 72/82 MP: 7/7
  4336 | D:5      | Reached skill level 12 in Fighting
  4641 | D:6      | Found a broken altar of Ashenzari.
  4788 | D:6      | Reached *** piety under Cheibriados
  5077 | D:6      | Reached skill level 13 in Fighting
  5388 | D:6      | Found Gofuozigh's Assorted Antiques.
  5398 | D:6      | Bought a scroll labelled SYZEUMP YLASH for 23 gold pieces
  5398 | D:6      | Bought a scroll labelled SYZEUMP YLASH for 23 gold pieces
  5468 | D:6      | HP: 3/77 [wight (6)]
  5468 | D:6      | Mangled by a wight

Illustrated notes

Levels and vault maps discovered:
D:1:      dpeg_arrival_lava_altar, layout_basic,
          chequers_ecumenical_altar_simple_redux, skrybe_limestone_x
D:2:      layout_basic, kennysheep_generic_room_16
D:3:      wad_woods_tower, layout_rooms, uniq_jessica
D:4:      layout_basic, grunt_temple_overflow_open,
          nicolae_overflow_hidden_temple, guppyfry_shop_venom
D:5:      layout_loops_ring
D:6:      layout_gridville, old_standard_altar, amcnicky_altar_gilded,
          serial_shops, nicolae_square_shop, chequers_serial_rivers_micro_d

Skill      XL: |  1  2  3  4  5  6  7  8 |
---------------+-------------------------+-----
Fighting       | 4 5 6 7 8 9 11 13 | 13.4
Long Blades    | |  3.6
Dodging        | |  3.2
Stealth        | |  1.5

Action                   |  1- 3 |  4- 6 |  7- 9 || total
-------------------------+-------+-------+-------++-------
Melee: Falchion          |    48 |   106 |    92 ||   246
       Headbutt          |    17 |    23 |    35 ||    75
Invok: Temporal Distorti |       |       |     1 ||     1
 Stab: Sleeping          |     3 |     2 |     2 ||     7
       Distracted        |       |       |     1 ||     1
Armor: Robe              |     7 |    15 |     9 ||    31
Dodge: Dodged            |    46 |    80 |    88 ||   214
       Rpst.: Falchion   |    13 |    22 |    15 ||    50
